 Dungeon Crawl Stone Soup version 0.30-a0-377-g5cb311bc9f (webtiles) character file.

Game seed: 7179455099068346286

37 qeuew the Conjurer (level 3, 0/19 HPs)
             Began as a Deep Elf Conjurer on Nov 28, 2022.
             Slain by a hobgoblin (3 damage)
             ... on level 2 of the Dungeon.
             The game lasted 00:01:42 (1327 turns).

qeuew the Conjurer (Deep Elf Conjurer)              Turns: 1327, Time: 00:01:42

Health: 0/19       AC:  3    Str:  4    XL:     3   Next: 23%
Magic:  4/10       EV: 12    Int: 22    God:
Gold:   33         SH:  0    Dex: 15    Spells: 7/9 levels left

rFire   . . .      SeeInvis .    e - +1 dagger (venom)
rCold   . . .      Faith    .    (no shield)
rNeg    . . .      Spirit   .    d - +0 leather armour
rPois   +          Reflect  .    (no helmet)
rElec   .          Harm     .    (no cloak)
rCorr   .          Rampage  .    (no gloves)
Will    .....                    (no boots)
Stlth   ++........               (no amulet)
HPRegen 0.23/turn                h - ring of poison resistance
MPRegen 0.12/turn                (no ring)

@: no status effects
A: no striking features
a: no special abilities


You were on level 2 of the Dungeon.
You visited 1 branch of the dungeon, and saw 2 of its levels.

You collected 33 gold pieces.

Inventory:

Hand Weapons
 e - a +1 dagger of venom (weapon)
Armour
 d - a +0 leather armour (worn)
Jewellery
 h - a ring of poison resistance (left hand)
Potions
 b - a potion of magic
 c - a potion of curing


   Skills:
 + Level 0.5 Short Blades
 * Level 3.1 Dodging
 + Level 2.8 Stealth
 * Level 3.6 Spellcasting
 + Level 4.5 Conjurations
 + Level 0.5 Fire Magic


You had 7 spell levels left.
You knew the following spells:

 Your Spells              Type           Power      Damage    Failure   Level
a - Magic Dart            Conj           96%        1d7       3%          1
b - Foxfire               Conj/Fire      60%        2x1d7     8%          1

Your spell library contained the following spells:

 Spells                   Type           Power      Damage    Failure   Level
 Searing Ray              Conj           48%        2d6       4%          2
 Dazzling Flash           Conj/Hex       28%        N/A       24%         3
 Sublimation of Blood     Necr           4%         N/A       30%         2
 Wereblood                Tmut           4%         N/A       30%         2
 Fulminant Prism          Conj/Hex       7%         3d7       63%         4
 Iskenderun's Mystic Bla  Conj/Tloc      14%        2d5       63%         4
 Fireball                 Conj/Fire      7%         3d5       90%         5
 Starburst                Conj/Fire      7%         6d4       100%        6
 Summon Hydra             Summ           2%         N/A       100%        7


Dungeon Overview and Level Annotations

Branches:
Dungeon (2/15)

Altars:


Message History

You feel sick.
An adder comes into view.
The adder completely misses you.
You completely miss the adder.
The adder is heavily wounded.
You feel sick. The adder closely misses you. x2
The adder hisses angrily.
You hit the adder.
The adder looks as sick as possible!
The adder is heavily wounded.
You feel sick.
You kill the adder!
The hobgoblin hits you but does no damage.
You feel sick. The hobgoblin hits you.
You see here an adder corpse.
You barely miss the adder.
You feel sick.
You are no longer poisoned.
The hobgoblin hits you but does no damage.
The adder closely misses you.
Unknown command.
You hit the adder.
The adder is poisoned.
The adder is moderately wounded.
The hobgoblin barely misses you. The adder closely misses you.
You hit the adder. Your punch misses the adder.
The adder is severely wounded.
The adder bites you but does no damage. The hobgoblin barely misses you.
Aiming: Magic Dart (safe; 3% risk of failure)
Press: ? - help, Q - select action, (/) - cycle Shift-Dir - straight line, f - hobgoblin
Aim: a hobgoblin (100% to hit)
The magic dart hits the hobgoblin.
The hobgoblin is almost dead.
The adder bites you.
* * * LOW HITPOINT WARNING * * *
The hobgoblin misses you. The adder barely misses you.
Aiming: Magic Dart (safe; 3% risk of failure)
Press: ? - help, Q - select action, (/) - cycle Shift-Dir - straight line, f - adder, p - hobgoblin
Aim: an adder (severely wounded, very poisoned, 100% to hit)
The magic dart hits the adder.
You kill the adder!
The hobgoblin hits you.
You die...

####.....#
##........##
#..........##
...$........#
............#
............#
#.........$#
#g@..# #<.###
##.).# #.#..#
........
.........
#......<..
#...(.....
##########


You could see a hobgoblin.

Vanquished Creatures
  2 adders (D:2)
  A ball python (D:1)
  2 endoplasms (D:1)
  A giant cockroach (D:1)
  2 goblins (D:1)
  2 hobgoblins
  3 jackals (D:1)
  2 quokkas (D:1)
  5 bats (D:1)
  2 frilled lizards (D:1)
  2 kobolds
  3 rats (D:1)
27 creatures vanquished.

Notes
Turn   | Place    | Note
-------+----------+-------------------------------------------
     0 | D:1      | qeuew the Deep Elf Conjurer began the quest for the Orb.
     0 | D:1      | Reached XP level 1. HP: 10/10 MP: 6/6
   260 | D:1      | Reached XP level 2. HP: 15/15 MP: 6/8
   263 | D:1      | Learned a level 1 spell: Foxfire
  1316 | D:2      | Reached XP level 3. HP: 16/19 MP: 5/10
  1327 | D:2      | Slain by a hobgoblin

Illustrated notes

Levels and vault maps discovered:
D:1:      dpeg_arrival_another_circle, layout_basic
D:2:      layout_rooms, basic_altar, uniq_jessica, uniq_sigmund

Skill      XL: |  1  2 |
---------------+-------+-----
Dodging        | 3 |  3.1
Short Blades   | |  0.5
Stealth        | |  2.8
Spellcasting   | |  3.6
Conjurations   | |  4.5
Fire Magic     | |  0.5

Action                   || total
-------------------------++-------
Melee: Dagger            ||    10
 Cast: Magic Dart        ||    48
  Use: Scroll            ||     3
       Potion            ||     1
Armor: Leather armour    ||     5
Dodge: Dodged            ||    14

Table legend: (Time is in decaauts)
 A = Elapsed time spent in this place.
 B = Non-inter-level travel time spent in this place.
 C = Inter-level travel time spent in this place.
 D = Time resting spent in this place.
 E = Time spent auto-exploring this place.
 F = Levels seen in this place.
 G = Mean time per level.
                   A        B        C        D        E       F      G
               +--------+--------+--------+--------+--------+-----+--------+
         Total |   1325 |   1228 |     97 |      0 |   1100 |   2 |  662.5 |
       Dungeon |   1325 |   1228 |     97 |      0 |   1100 |   2 |  662.5 |
               +--------+--------+--------+--------+--------+-----+--------+

Top non-repeatable levels by time:
     D:1: 1308 daAuts
     D:2: 17 daAuts
